 Dungeon Crawl Stone Soup version 0.18.1-8-gdd0e5ea (webtiles) character file.

57 Ery the Chopper (level 3, -10/34 HPs)
             Began as a Minotaur Berserker on June 11, 2016.
             Was a Believer of Trog.
             Mangled by a worm (12 damage)
             ... on level 2 of the Dungeon.
             The game lasted 00:00:58 (837 turns).

Ery the Chopper (Minotaur Berserker)                 Turns: 837, Time: 00:00:59

Health: -10/34     AC:  2    Str: 21    XL:     3   Next: 73%
Magic:  2/2        EV: 12    Int:  4    God:    Trog [**....]
Gold:   99         SH:  0    Dex: 10    Spells: 0 memorised, 2 levels left

rFire  . . .     SeeInvis .     a - +0 hand axe
rCold  . . .     Gourm    .     b - +0 animal skin
rNeg   . . .     Faith    .     (no shield)
rPois  .         Spirit   .     (helmet restricted)
rElec  .         Dismiss  .     (no cloak)
rCorr  .         Reflect  .     (no gloves)
SustAt .         Harm     .     (no boots)
MR     .....                    (no amulet)
Stlth  +.........               (no ring)
                                (no ring)

@: lethally poisoned (-10 -> -12), not resistant to hostile enchantments, very
unstealthy
A: retaliatory headbutt, horns 2
a: Berserk, Trog's Hand, Burn Spellbooks, Renounce Religion


You were on level 2 of the Dungeon.
You worshipped Trog.
Trog was pleased with you.
You were not hungry.

You visited 1 branch of the dungeon, and saw 2 of its levels.

You collected 99 gold pieces.

Inventory:

Hand Weapons
 a - a +0 hand axe (weapon)
Armour
 b - a +0 animal skin (worn)
Scrolls
 d - 3 scrolls of blinking {unknown}
 f - 2 scrolls of identify {unknown}
 j - a scroll of teleportation {unknown}
Potions
 e - 2 potions of curing {unknown}
 g - a potion of haste {unknown}
 i - a potion of invisibility {unknown}
 k - 2 potions of agility {unknown}
Comestibles
 c - 3 bread rations
 h - a beef jerky


   Skills:
 + Level 4.4 Fighting
 + Level 4.5 Axes
 + Level 2.5 Armour
 + Level 2.9 Dodging


You had 2 spell levels left.
You didn't know any spells.

Dungeon Overview and Level Annotations

Branches:
Dungeon (2/15)

Altars:
Nemelex Xobeh


Innate Abilities, Weirdness & Mutations

You reflexively headbutt those who attack you in melee.
You have a pair of horns on your head.


Message History

You feel sick. The worm bites you.
A worm is nearby!
Your unstable footing causes you to fumble your attack.
A worm is nearby!
Your unstable footing causes you to fumble your attack.
The worm closely misses you.
A worm is nearby!
You hit the worm but do no damage. You headbutt the worm.
The worm is moderately wounded.
You feel sick. The worm bites you!
* * * LOW HITPOINT WARNING * * *
There is a lethal amount of poison in your body!
You are too injured to fight recklessly!
There is a lethal amount of poison in your body!
You are too injured to fight recklessly!
You are too injured to fight recklessly!
Your unstable footing causes you to fumble your attack.
Your unstable footing causes you to fumble your attack.
The worm bites you!
You die...

##.....#(##......#
#####.# ##...##.##......#
#.# ##....>........#
#####.#
###.#.###....>####.....#
##.###.##....)#......###
#.## ##.###.###.##.#.#
##.###.###...##.##†#.#
##.#.#####''####..#.#
##..##≈w@..≈≈≈##.#.######
#.##≈≈≈†..≈≈≈≈##........
###≈≈≈≈≈.)≈≈≈≈≈###.#####
#≈≈≈≈≈≈..≈≈≈≈≈≈ #.#####
#≈≈≈≈≈≈≈..≈≈≈≈≈≈ ####...
≈≈≈≈≈≈≈≈..≈≈≈≈≈≈ ###.##
≈≈≈≈≈≈≈≈..≈≈≈≈≈≈ #...†.
≈≈≈≈≈≈≈≈$%≈≈≈≈≈ ###.#.
#..#


You could see a worm.

Vanquished Creatures
  An adder (D:2)
  A worm (D:2)
  A dart slug (D:1)
  3 giant geckos
  A ball python (D:1)
  5 bats
  2 giant cockroaches
  2 goblins (D:1)
  5 hobgoblins
  7 jackals (D:1)
  3 kobolds
  2 giant newts
  3 rats
36 creatures vanquished.

Notes
Turn   | Place    | Note
--------------------------------------------------------------
     0 | D:1      | Ery the Minotaur Berserker began the quest for the Orb.
     0 | D:1      | Reached XP level 1. HP: 19/19 MP: 0/0
    48 | D:1      | Reached XP level 2. HP: 14/27 MP: 1/1
   316 | D:1      | Reached ** piety under Trog
   365 | D:1      | Reached XP level 3. HP: 21/33 MP: 2/2
   408 | D:1      | Found a sparkling altar of Nemelex Xobeh.
   837 | D:2      | Mangled by a worm

Skill      XL: |  1  2 |
---------------+-------+-----
Fighting       | 4 |  4.4
Axes           | 4 |  4.5
Armour         | |  2.5
Dodging        | |  2.9

Action                   || total
-------------------------++-------
Melee: Hand axe          ||    84
       Headbutt          ||    14
Armor: Animal skin       ||    16
Dodge: Dodged            ||    56
